 Dungeon Sprint DCSS version 0.31-a0-986-g5e6e4ef867 (webtiles) character file.

Game seed: 6389914542012013363

240213 rocky1 the Axe Maniac (level 19, -28/207 HPs)
             Began as a Hill Orc Reaver on Nov 6, 2023.
             Was the Champion of Cheibriados.
             Killed from afar by an ancient lich (70 damage)
             ... with a crystal spear
             ... in the Dungeon (Sprint VII: "The Pits").
             The game lasted 00:54:42 (15198 turns).

rocky1 the Axe Maniac (Hill Orc Reaver)            Turns: 15198, Time: 00:54:43

Health: -28/207    AC: 59    Str: 36    XL:     19   Next: 32%
Magic:  39/40      EV: 30    Int: 31    God:    Cheibriados [******]
Gold:   166        SH:  0    Dex: 30    Spells: 32/53 levels left

rFire   + . .        a - +3 executioner's axe (heavy)
rCold   + + +        (shield currently unavailable)
rNeg    + . .        Y - +12 gold dragon scales
rPois   +            T - +2 helmet {Int+3}
rElec   +            (no cloak)
rCorr   +            l - +4 pair of gloves
SInv    +            O - +2 pair of boots
Will    +....        f - amulet "Pinota" {RegenMP rElec rF- rC++ rCorr} Stlth
                     A - ring "Costuc" {rF+ rN+ AC+6 Stlth+}
HPRegen 0.54/turn    g - ring of Anisutet {Dex+4 Slay+3 SInv}
MPRegen 0.67/turn

%: no teleportation
@: slowed, very slow
A: no striking features
}: 2/3 runes: silver, iron
a: Renounce Religion, Bend Time, Temporal Distortion, Slouch, Step From Time


You were in the Dungeon.
You worshipped Cheibriados.
Cheibriados was exalted by your worship.
You visited 1 branch You collected 166 gold pieces.

Inventory:

Hand Weapons
 a - a +3 heavy executioner's axe (weapon)
 b - a +2 battleaxe of freezing
 w - the +9 broad axe "Okiuxzeoge" {flame, Str+5 Int+3}
   (You found it in the Dungeon)

   Str+5:     It affects your strength (+5).
   Int+3:     It affects your intelligence (+3).
 x - the +9 broad axe "Buoletu" {heavy, Will+ rCorr Int+3 Dex+2}
   (You found it in the Dungeon)

   Int+3:     It affects your intelligence (+3).
   Dex+2:     It affects your dexterity (+2).
   Will+:     It increases your willpower.
   rCorr:     It protects you from acid and corrosion.
Missiles
 D - 10 boomerangs
 E - 8 javelins
Armour
 e - a +4 hat
 l - a +4 pair of gloves (worn)
 O - a +2 pair of boots (worn)
 T - a +2 helmet of intelligence (worn)
 Y - +12 gold dragon scales (worn)
Jewellery
 f - the amulet "Pinota" (around neck) {RegenMP rElec rF- rC++ rCorr}
   (You found it in the Dungeon)

   [amulet of magic regeneration]

   RegenMP:   It increases your rate of magic regeneration.
   rF-:       It makes you vulnerable to fire.
   rC++:      It greatly protects you from cold.
   rElec:     It insulates you from electricity.
   rCorr:     It protects you from acid and corrosion.
 g - the ring of Anisutet (right hand) {Dex+4 Slay+3 SInv}
   (You found it in the Dungeon)

   [ring of see invisible]

   Dex+4:     It affects your dexterity (+4).
   Slay+3:    It affects your accuracy & damage with ranged weapons and melee
   (+3).
   SInv:      It lets you see invisible.
 n - the amulet of Ruqio {Acrobat rF+}
   (You found it in the Dungeon)

   [amulet of the acrobat]

   Acrobat:   It increases your evasion while moving and waiting.
   rF+:       It protects you from fire.
 A - the ring "Costuc" (left hand) {rF+ rN+ AC+6 Stlth+}
   (You found it in the Dungeon)

   [ring of protection]

   AC+6:      It affects your AC (+6).
   rF+:       It protects you from fire.
   rN+:       It protects you from negative energy.
   Stlth+:    It makes you more stealthy.
Scrolls
 y - 4 scrolls of fear
 B - a scroll of brand weapon
 C - 3 scrolls of fog
Potions
 c - 10 potions of curing
 d - 5 potions of heal wounds
 i - a potion of invisibility
 q - 3 potions of brilliance
 r - 8 potions of mutation
 u - 6 potions of magic
 U - a potion of enlightenment


   Skills:
 O Level 27 Fighting
 O Level 27 Axes
 O Level 27 Armour
 - Level 25.2 Dodging
 + Level 17.6 Spellcasting
 - Level 8.2 Conjurations
 + Level 17.1 Summonings
 + Level 23.3 Necromancy
 + Level 18.3 Fire Magic
 - Level 22.5 Invocations


You had 32 spell levels left.
You knew the following spells:

 Your Spells              Type           Power      Damage    Failure   Level
a - Kiss of Death         Conj/Necr      100%       2d13      0%          1
b - Momentum Strike       Conj/Tloc      100%       3d10      1%          2
c - Hailstorm             Conj/Ice       51%        3d11      3%          3
d - Haunt                 Necr/Summ      50%        N/A       1%          7
e - Ignition              Fire           48%        3d14      22%         8

Your spell library contained the following spells:

 Spells                   Type           Power      Damage    Failure   Level
 Necrotise                Necr           100%       1d9       0%          1
 Summon Small Mammal      Summ           100%       N/A       0%          1
 Call Imp                 Summ           100%       N/A       0%          2
 Sublimation of Blood     Necr           100%       N/A       0%          2
 Vampiric Draining        Necr           100%       2d13      0%          3
 Dispel Undead            Necr           100%       3d31      0%          4
 Agony                    Necr           100%       N/A       0%          5
 Foxfire                  Conj/Fire      100%       2x1d9     1%          1
 Magic Dart               Conj           100%       1d8       1%          1
 Cigotuvi's Dreadful Rot  Necr/Pois/Air  100%       N/A       1%          2
 Searing Ray              Conj           100%       2d8       1%          2
 Static Discharge         Conj/Air       100%       3-8/arc   1%          2
 Ignite Poison            Fire/Tmut/Pois 60%        N/A       1%          3
 Inner Flame              Hex/Fire       71%        N/A       1%          3
 Summon Guardian Golem    Hex/Summ       69%        N/A       1%          3
 Volatile Blastmotes      Fire/Tloc      100%       2d18      1%          3
 Anguish                  Hex/Necr       39%        N/A       1%          4
 Animate Armour           Summ/Erth      100%       N/A       1%          4
 Flame Wave               Conj/Fire      83%        2d18      1%          4
 Sticky Flame             Conj/Fire      83%        2d9       1%          4
 Summon Lightning Spire   Summ/Air       69%        N/A       1%          4
 Borgnjor's Vile Clutch   Necr/Erth      39%        N/A       1%          5
 Fireball                 Conj/Fire      41%        3d17      1%          5
 Death Channel            Necr           53%        N/A       1%          6
 Borgnjor's Revivificati  Necr           53%        N/A       2%          8
 Stone Arrow              Conj/Erth      100%       3d13      3%          3
 Summon Forest            Summ/Tloc      34%        N/A       4%          5
 Monstrous Menagerie      Summ           46%        N/A       4%          7
 Summon Hydra             Summ           46%        N/A       4%          7
 Sandblast                Erth           54%        2d13      6%          1
 Sting                    Tmut/Pois      100%       1d8       6%          1
 Mephitic Cloud           Conj/Pois/Air  44%        N/A       6%          3
 Simulacrum               Ice/Necr       39%        N/A       8%          6
 Blink                    Tloc           54%        N/A       10%         2
 Ensorcelled Hibernation  Hex/Ice        54%        N/A       10%         2
 Jinxbite                 Hex            54%        N/A       10%         2
 Passwall                 Tmut/Erth      22%        N/A       10%         2
 Brom's Barrelling Bould  Conj/Erth      51%        2d7       11%         4
 Fulminant Prism          Conj/Hex       25%        3d14      11%         4
 Gell's Gravitas          Tloc           27%        N/A       19%         3
 Ozocubu's Armour         Ice            27%        N/A       19%         3
 Swiftness                Air            27%        N/A       19%         3
 Plasma Beam              Fire/Air       35%        2x1d49    22%         6
 Spellforged Servitor     Conj/Summ      41%        N/A       28%         7
 Freezing Cloud           Conj/Ice/Air   22%        6-21      50%         5
 Petrify                  Tmut/Erth      27%        N/A       52%         4
 Vhi's Electric Charge    Tloc/Air       54%        N/A       52%         4
 Alistair's Intoxication  Tmut/Pois      18%        N/A       86%         5
 Metabolic Englaciation   Hex/Ice        13%        N/A       86%         5
 Yara's Violent Unravell  Hex/Tmut       13%        3d7       86%         5
 Orb of Destruction       Conj           33%        9d10      87%         7
 Eringya's Noxious Bog    Tmut/Pois      13%        4d6       100%        6
 Disjunction              Tloc           13%        N/A       100%        8
 Chain Lightning          Conj/Air       25%        3d34      100%        9
 Fire Storm               Conj/Fire      41%        8d11      100%        9
 Shatter                  Erth           13%        3d14*     100%        9


Dungeon Overview and Level Annotations

Branches:
Dungeon (1/1)

Altars:
Ashenzari
Cheibriados
Dithmenos
Elyvilon
Fedhas
Gozag
Hepliaklqana
Kikubaaqudgha
Makhleb
Nemelex Xobeh
Okawaru
Qazlal
Ru
Sif Muna
Trog
Uskayaw
Vehumet
Wu Jian
Xom
Yredelemnul
Zin
The Shining One
Beogh
Jiyva
Lugonu


Message History

The royal mummy is heavily damaged.
The royal mummy closely misses you.
You open the royal mummy like a pillowcase!!!!
The royal mummy is almost destroyed.
The royal mummy gestures wildly while chanting.
An ancient lich comes into view.
You chop the royal mummy into pieces!!!
You destroy the royal mummy!
Cheibriados appreciates the change of pace.
The emperor scorpion disappears in a puff of smoke!
The death scarab disappears in a puff of smoke!
The emperor scorpion disappears in a puff of smoke!
The death scarab disappears in a puff of smoke!
You feel extremely nervous for a moment...
You are engulfed in negative energy!
You feel weakened.
You feel your strength returning.
Your Summonings skill increases to level 17!
Unknown command.
A skeletal warrior comes into view.
It is wielding a +2 flail of protection and quivering poisoned darts.
The ancient lich gestures at you while chanting.
The bolt of acid misses you.
The ancient lich casts a spell.
The ancient lich flickers and vanishes for a moment.
An adder simulacrum comes into view.
You hear a shout!
Items here: )) = [[.
Unknown command.
You slice the guardian mummy like a ripe choko!!!!
You destroy the guardian mummy!
You feel extremely nervous for a moment...
You feel horribly lethargic.
You feel yourself slow down.
You hear a shout!
A vampire knight comes into view.
It is wielding a +0 long sword and wearing the amulet of Xom's Malicious Joy {RegenMP Contam rCorr Stlth+}.
The ancient lich gestures wildly while chanting.
The ancient lich seems to speed up.
Unknown command.
The ancient lich points at you and mumbles some strange words.
The crystal spear hits you!!!
You die...

,,,,,,ZZZDZZL,,*
,,,,,,,ZLLDZ,,,*
,,,,,,V,[)[,,,,*
**#######M########
,,.......ZZ...§Z.#
,,.......VML..§Zz#
**##############V#
### ### ### #L#
##.###.###.#####@#
'...)...'...'.##'#
##.)##.###.'####)#
.###.###.###.###'#
##.####...')..##.#
#..)####.##).###'#
..[[)###'#.### #.#
...").##.###.###'#
...[)##...'...##.#


You could see an ancient lich (fast, invisible), a vampire knight, a skeletal
warrior, an adder simulacrum and an adder zombie.

Vanquished Creatures
  the Royal Jelly (D)
  Gloorx Vloq (D)
  Mnoleg (D)
  4 ancient liches (D)
  Mennas (D)
  3 royal mummies (D)
  6 pandemonium lords (D)
  Frederick (D)
  Boris (D)
  A curse toe (D)
  2 pearl dragons (D)
  A golden dragon (D)
  4 bone dragons (D)
  A profane servitor (D)
  Geryon (D)
  A hellephant (D)
  A Brimstone Fiend (D)
  2 electric golems (D)
  A tentacled monstrosity (D)
  3 Hell Sentinels (D)
  2 Ice Fiends (D)
  6 liches (D)
  5 deep elf blademasters (D)
  2 quicksilver dragons (D)
  6 acid blobs (D)
  Gastronok (D)
  3 titans (D)
  2 deep elf master archers (D)
  A sphinx (D)
  2 storm dragons (D)
  2 nagarajas (D)
  2 fire giants (D)
  2 daevas (D)
  2 shadow dragons (D)
  10 azure jellies (D)
  A draconian knight (D)
  5 rockslimes (D)
  A frost giant (D)
  A deep elf sorcerer (D)
  An emperor scorpion (D)
  3 ghost moths (D)
  2 draconian shifters (D)
  A draconian stormcaller (D)
  An angel (D)
  A draconian annihilator (D)
  A ghoul (D)
  2 orc warlords (D)
  6 quicksilver oozes (D)
  3 vampire knights (D)
  An ophan (D)
  2 lorocyprocas (D)
  A deep elf annihilator (D)
  A deep elf demonologist (D)
  A yellow draconian (D)
  3 black draconians (D)
  2 white draconians (D)
  3 red draconians (D)
  4 blizzard demons (D)
  2 eidola (D)
  Josephine (D)
  2 deep elf death magi (D)
  3 green deaths (D)
  2 merfolk javelineers (D)
  A yaktaur captain (D)
  An ice dragon (D)
  2 ogre magi (D)
  2 catoblepae (D)
  A hydra (D)
  15 vault guards (D)
  A boulder beetle (D)
  2 spriggan air magi (D)
  An alligator (D)
  An anaconda (D)
  A death yak (D)
  A merfolk aquamancer (D)
  3 naga warriors (D)
  A vampire mage (D)
  A demonic crawler (D)
  3 spriggan berserkers (D)
  4 occultists (D)
  An orc high priest (D)
  A soul eater (D)
  A spriggan (D)
  17 hell knights (D)
  A shadow wraith (D)
  A sixfirhy (D)
  A fire crab (D)
  2 skeletal warriors (D)
  2 iron trolls (D)
  A flayed ghost (D)
  3 sea snakes (D)
  A swamp dragon (D)
  2 spriggan druids (D)
  A bog body (D)
  9 harpies (D)
  A wolf spider (D)
  7 arcanists (D)
  16 necromancers (D)
  2 deep elf pyromancers (D)
  A lindwurm (D)
  12 orc knights (D)
  2 rust devils (D)
  A molten gargoyle (D)
  6 elephants (D)
  2 naga magi (D)
  A cane toad (D)
  An unseen horror (D)
  A rime drake (D)
  A komodo dragon (D)
  2 kobold demonologists (D)
  5 yaktaurs (D)
  A tormentor (D)
  A polar bear (D)
  6 merfolk (D)
  A hellwing (D)
  A guardian mummy (D)
  2 red devils (D)
  4 wandering mushrooms (D)
  2 wind drakes (D)
  Prince Ribbit (D)
  A tarantella (D)
  2 hornets (D)
  A tyrant leech (D)
  A glass eye (D)
  4 dream sheep (D)
  2 jumping spiders (D)
  3 air elementals (D)
  A culicivora (D)
  2 shadows (D)
  A ynoxinul (D)
  2 water elementals (D)
  4 wraiths (D)
  A vampire (D)
  2 basilisks (D)
  A chaos spawn (D)
  10 yaks (D)
  A neqoxec (D)
  6 humans (D)
  4 redbacks (D)
  2 vampire mosquitoes (D)
  A water moccasin (D)
  2 swamp drakes (D)
  2 orc warriors (D)
  Duvessa (D)
  6 wolves (D)
  A centaur (D)
  2 kobold brigands (D)
  A necrophage (D)
  An earth elemental (D)
  4 scorpions (D)
  Dowan (D)
  A quasit (D)
  3 orc priests (D)
  An iron imp (D)
  Terence (D)
  An orc wizard (D)
  A hell rat (D)
  A gnoll (D)
  An adder (D)
  A river rat (D)
  A white imp (D)
  An adder skeleton (D)
  An adder zombie (D)
  2 orcs (D)
  A bat skeleton (D)
  A bat zombie (D)
  An endoplasm (D)
  A giant cockroach (D)
  A goblin (D)
  A hobgoblin (D)
  7 jackals (D)
  A quokka (D)
  A ball python simulacrum (D)
  A ball python skeleton (D)
  3 bats (D)
  A bat simulacrum (D)
  A giant cockroach simulacrum (D)
  2 giant cockroach zombies (D)
  A jackal simulacrum (D)
  A jackal skeleton (D)
  A jackal zombie (D)
  5 kobolds (D)
  A quokka simulacrum (D)
428 creatures vanquished.

Vanquished Creatures (others)
  A curse toe (D)
  A daeva (D)
2 creatures vanquished.

Grand Total: 430 creatures vanquished

Notes
Turn   | Place    | Note
-------+----------+-------------------------------------------
     0 | D        | rocky1 the Hill Orc Reaver began the quest for the Orb.
     0 | D        | Reached XP level 1. HP: 18/18 MP: 3/3
    19 | D        | Found a bloodstained altar of Trog.
    19 | D        | Found a shimmering blue altar of Sif Muna.
    19 | D        | Found a viscous altar of Jiyva.
    19 | D        | Found a hazy altar of Hepliaklqana.
    19 | D        | Found an opulent altar of Gozag.
    42 | D        | Found a glowing golden altar of the Shining One.
    42 | D        | Found a glowing silver altar of Zin.
    42 | D        | Found a basalt altar of Yredelemnul.
    42 | D        | Found a shimmering altar of Xom.
    42 | D        | Found an ornate altar of the Wu Jian Council.
    42 | D        | Found a sacrificial altar of Ru.
    42 | D        | Found a stormy altar of Qazlal.
    42 | D        | Found an iron altar of Okawaru.
    42 | D        | Found a sparkling altar of Nemelex Xobeh.
    42 | D        | Found a burning altar of Makhleb.
    42 | D        | Found a blossoming altar of Fedhas.
    42 | D        | Found a white marble altar of Elyvilon.
    42 | D        | Found a shadowy altar of Dithmenos.
    42 | D        | Found a snail-covered altar of Cheibriados.
    45 | D        | Found a corrupted altar of Lugonu.
    45 | D        | Found a radiant altar of Vehumet.
    45 | D        | Found a roughly hewn altar of Beogh.
    46 | D        | Found an ancient bone altar of Kikubaaqudgha.
    46 | D        | Found a hide-covered altar of Uskayaw.
    46 | D        | Found a broken altar of Ashenzari.
    53 | D        | Became a worshipper of Cheibriados the Contemplative
    75 | D        | Reached * piety under Cheibriados
    80 | D        | Noticed a scorpion
    83 | D        | Killed a scorpion
    84 | D        | Reached skill level 1 in Armour
    84 | D        | Reached XP level 2. HP: 11/26 MP: 2/5
    84 | D        | Reached XP level 3. HP: 13/31 MP: 2/6
    84 | D        | Reached XP level 4. HP: 16/38 MP: 2/7
    85 | D        | Reached ** piety under Cheibriados
    86 | D        | Reached skill level 5 in Conjurations
   262 | D        | Noticed a scorpion
   265 | D        | Reached *** piety under Cheibriados
   274 | D        | Killed a scorpion
   274 | D        | Reached **** piety under Cheibriados
   275 | D        | Reached XP level 5. HP: 17/45 MP: 6/9
   454 | D        | Learned a level 2 spell: Momentum Strike
   458 | D        | Learned a level 3 spell: Hailstorm
   462 | D        | Noticed Prince Ribbit
   462 | D        | Noticed Terence
   473 | D        | Killed Prince Ribbit
   473 | D        | Reached ***** piety under Cheibriados
   474 | D        | Reached skill level 10 in Axes
   474 | D        | Reached XP level 6. HP: 26/53 MP: 9/11
   477 | D        | Killed Terence
   483 | D        | Reached ****** piety under Cheibriados
   484 | D        | Reached skill level 5 in Fighting
   484 | D        | Reached skill level 5 in Invocations
   484 | D        | Reached XP level 7. HP: 22/61 MP: 5/12
   502 | D        | Reached skill level 5 in Necromancy
   759 | D        | Noticed a ynoxinul
   768 | D        | Killed a ynoxinul
   771 | D        | Noticed Duvessa
   771 | D        | Noticed Dowan
   780 | D        | Killed Duvessa
   780 | D        | Killed Dowan
   781 | D        | Reached skill level 5 in Armour
   781 | D        | Reached XP level 8. HP: 64/71 MP: 8/14
   823 | D        | Noticed a dream sheep
   823 | D        | Noticed a dream sheep
   823 | D        | Noticed a dream sheep
   823 | D        | Noticed a dream sheep
   823 | D        | Noticed a sea snake
   825 | D        | Killed a dream sheep
   825 | D        | Killed a dream sheep
   825 | D        | Killed a dream sheep
   825 | D        | Killed a dream sheep
   827 | D        | Killed a sea snake
   828 | D        | Reached skill level 10 in Invocations
   828 | D        | Reached XP level 9. HP: 47/80 MP: 4/17
  1160 | D        | Noticed a sea snake
  1160 | D        | Noticed a molten gargoyle
  1163 | D        | Killed a molten gargoyle
  1166 | D        | Killed a sea snake
  1429 | D        | Noticed a harpy
  1429 | D        | Noticed a harpy
  1429 | D        | Noticed a harpy
  1429 | D        | Noticed a harpy
  1429 | D        | Noticed an elephant
  1431 | D        | Killed a harpy
  1431 | D        | Killed a harpy
  1431 | D        | Killed a harpy
  1431 | D        | Killed a harpy
  1432 | D        | Reached skill level 15 in Axes
  1432 | D        | Reached skill level 5 in Dodging
  1432 | D        | Reached skill level 15 in Invocations
  1432 | D        | Reached XP level 10. HP: 77/91 MP: 13/21
  1439 | D        | Killed an elephant
  1792 | D        | Noticed a lindwurm
  1796 | D        | Killed a lindwurm
  1797 | D        | Reached skill level 10 in Armour
  1894 | D        | Noticed Gastronok
  1897 | D        | Reached XP level 11. HP: 79/99 MP: 23/23
  1907 | D        | Killed Gastronok
  1908 | D        | Reached skill level 10 in Fighting
  2049 | D        | Noticed a demonic crawler
  2060 | D        | Killed a demonic crawler
  2240 | D        | Noticed a deep elf pyromancer
  2240 | D        | Noticed Josephine
  2243 | D        | Killed a deep elf pyromancer
  2245 | D        | Killed Josephine
  2421 | D        | Noticed a sea snake
  2422 | D        | Noticed a fire crab
  2423 | D        | Noticed a boulder beetle
  2425 | D        | Killed a sea snake
  2429 | D        | Reached XP level 12. HP: 97/113 MP: 11/26
  2429 | D        | Killed a boulder beetle
  2937 | D        | Noticed a merfolk javelineer
  2937 | D        | Noticed a deep elf master archer
  2943 | D        | Killed a deep elf master archer
  2943 | D        | Killed a merfolk javelineer
  3552 | D        | Noticed a deep elf death mage
  3552 | D        | Noticed a storm dragon
  3556 | D        | Reached XP level 13. HP: 125/125 MP: 17/28
  3557 | D        | Reached skill level 15 in Fighting
  3561 | D        | Killed a storm dragon
  3562 | D        | Killed a deep elf death mage
  3565 | D        | Killed a ghostly storm dragon
  3808 | D        | Noticed a vault guard
  3808 | D        | Noticed a red draconian
  3819 | D        | Killed a vault guard
  3838 | D        | Killed a red draconian
  3841 | D        | Reached skill level 15 in Armour
  3880 | D        | Killed a ghost moth
  4219 | D        | Got the Elucidation of Ignition and the Sixfirhy
  4304 | D        | Noticed an orc warlord
  4305 | D        | Noticed an orc warlord
  4310 | D        | Reached skill level 10 in Dodging
  4312 | D        | Killed an orc warlord
  4313 | D        | Reached XP level 14. HP: 94/140 MP: 17/29
  4313 | D        | Killed an orc warlord
  4439 | D        | Noticed a daeva
  4456 | D        | Killed a daeva
  5055 | D        | Found the +9 sword of Zonguldrok {reap}
  5089 | D        | Paralysed by an air elemental for 1 turns
  5101 | D        | Reached skill level 27 in Axes
  5105 | D        | Killed a lorocyproca
  5466 | D        | Got the +9 chain mail "Goitokis" {rPois}
  5598 | D        | Noticed a nagaraja
  5599 | D        | Noticed a fire giant
  5610 | D        | Killed a fire giant
  5612 | D        | Killed a nagaraja
  5847 | D        | Noticed a fire giant
  5847 | D        | Noticed an emperor scorpion
  5852 | D        | Killed a fire giant
  5858 | D        | Killed an emperor scorpion
  5860 | D        | Noticed a black draconian
  5867 | D        | Paralysed by an air elemental for 1 turns
  5878 | D        | Killed a lorocyproca
  5887 | D        | Killed a black draconian
  5888 | D        | Noticed a profane servitor
  5897 | D        | Killed a profane servitor
  5898 | D        | Reached XP level 15. HP: 47/158 MP: 2/30
  5902 | D        | Noticed a frost giant
  5930 | D        | Killed a frost giant
  6216 | D        | Noticed a quicksilver dragon
  6222 | D        | Killed a quicksilver dragon
  6505 | D        | Noticed a storm dragon
  6516 | D        | Killed a storm dragon
  6794 | D        | Noticed a daeva
  6822 | D        | Killed a daeva
  6830 | D        | Reached skill level 15 in Dodging
  7015 | D        | Noticed a curse toe
  7017 | D        | Noticed a deep elf blademaster
  7023 | D        | Killed a deep elf blademaster
  7024 | D        | Killed a curse toe
  7025 | D        | Reached skill level 10 in Necromancy
  7199 | D        | Got the Book of Familiar Excavation
  7325 | D        | Noticed a shadow dragon
  7337 | D        | Killed a shadow dragon
  7645 | D        | Found the +18 Lear's hauberk
  7800 | D        | Noticed Frederick
  7808 | D        | Reached XP level 16. HP: 165/177 MP: 20/31
  7817 | D        | Killed Frederick
  8096 | D        | Got the Catalogue of Nephomancy
  8113 | D        | Got the Directory of the Retinue
  8120 | D        | Got a silver rune of Zot
  8149 | D        | Got the Information on Incandescent Shadows
  8405 | D        | Noticed a lich
  8405 | D        | Noticed a lich
  8405 | D        | Noticed a sphinx
  8412 | D        | Reached skill level 15 in Necromancy
  8419 | D        | Killed a lich
  8428 | D        | Killed a sphinx
  8432 | D        | Killed a lich
  8434 | D        | Noticed a lich
  8437 | D        | Killed a lich
  8438 | D        | Reached skill level 27 in Fighting
  8469 | D        | Got the Secrets of Assistive Momentum
  8482 | D        | Got Ymepow's Writings on Maledictive Creation
  8484 | D        | Got Zuwkuika's Secrets of the Enchanting Legion
  8488 | D        | Got the Grimoire of Burnt Corruption
  8495 | D        | Got the Book of the Overcast Jaunt
  8500 | D        | Got the Octavo of Leadership
  8524 | D        | Reached skill level 5 in Spellcasting
  8525 | D        | Identified the +6 tower shield "Cocluv" {rN+ Int+3}
  8525 | D        | Noticed a daeva
  8535 | D        | Killed a daeva
  8829 | D        | Got the Omnibus of Victory
  8831 | D        | Got the Tome of Cleavage and Enchantment
  8833 | D        | Got the Octavo of Spellbinding and Modification
  8925 | D        | Learned a level 7 spell: Haunt
  8960 | D        | Got the ring "Vocy" {rPois rF+ Will+ rCorr Str-3}
  8962 | D        | Got the amulet "Pinota" {RegenMP rElec rF- rC++ rCorr}
  8964 | D        | Got the amulet "Hisaujor" {Faith Will+}
  8966 | D        | Got the amulet "Ysacvac" {Acrobat Int+7 Dex-3}
  8968 | D        | Got the amulet of Kysuklix {Reflect Will+ SH+5 SInv}
  8970 | D        | Got the amulet of Quym {RegenMP Dex+8 Slay-5}
  8972 | D        | Got the ring of Lycleoss {Dex+3 SInv}
  8975 | D        | Got the ring "Falouch" {Fly rC+ rN+ Will+ rCorr}
  8977 | D        | Got the amulet "Losuczud" {Will- Regen+ Str+3 Dex+4}
  8979 | D        | Got the amulet "Feareir" {Spirit -Tele rElec rPois Will+}
  8981 | D        | Got the amulet of the Solstice {Reflect rC+ MP+9 SH+5}
  8983 | D        | Got the amulet of Rielis {Regen+ Str+6}
  9022 | D        | Got the ring of Anisutet {Dex+4 Slay+3 SInv}
  9024 | D        | Got the ring "Jaalohen" {rPois rF- Str+6 Dex+6 Stlth+}
  9026 | D        | Got the ring "Fadesu Isetz" {Fire Will+ Str+3 Slay-5 SInv}
  9028 | D        | Got the ring of Ru's Castigation {+Blink rN+ rCorr}
  9030 | D        | Got the ring of Stoicism {rPois Str+4}
  9032 | D        | Got the ring "Kousev" {rC+ Str+4}
  9034 | D        | Got the ring "Hurosargh" {Fly rC+ EV+6}
  9036 | D        | Got the ring "Teremira" {Ice +Blink Dex+2}
  9038 | D        | Got the ring of Turun {*Corrode +Blink rN+ Int+6 SInv}
  9040 | D        | Got the ring "Costuc" {rF+ rN+ AC+6 Stlth+}
  9042 | D        | Got the ring of Disaster {rElec MP+9 EV+6 Dex+4 SInv}
  9044 | D        | Got the ring "Iluree" {rF+ Int-5 Dex+3}
  9046 | D        | Got the ring "Moatajy" {rElec rPois rF+ Str+3 Slay+2}
  9098 | D        | Learned a level 8 spell: Ignition
  9115 | D        | Noticed a Hell Sentinel
  9120 | D        | Killed a Hell Sentinel
  9121 | D        | Reached skill level 1 in Summonings
  9313 | D        | Noticed Utoer the pandemonium lord
  9317 | D        | Killed Utoer the pandemonium lord
  9318 | D        | Reached XP level 17. HP: 191/191 MP: 32/32
  9520 | D        | Noticed a Hell Sentinel
  9524 | D        | Killed a Hell Sentinel
  9525 | D        | Reached skill level 1 in Fire Magic
  9561 | D        | Noticed a Hell Sentinel
  9565 | D        | Killed a Hell Sentinel
  9617 | D        | Noticed a bone dragon
  9620 | D        | Killed a bone dragon
  9621 | D        | Reached skill level 5 in Summonings
  9623 | D        | Noticed a quicksilver dragon
  9623 | D        | Noticed a deep elf blademaster
  9623 | D        | Noticed a deep elf blademaster
  9626 | D        | Killed a deep elf blademaster
  9627 | D        | Killed a deep elf blademaster
  9633 | D        | Killed a quicksilver dragon
  9774 | D        | Noticed Meptib the pandemonium lord
  9786 | D        | Killed Meptib the pandemonium lord
  9787 | D        | Reached skill level 27 in Armour
  9906 | D        | Noticed a titan
  9909 | D        | Killed a titan
 10016 | D        | Noticed a pearl dragon
 10020 | D        | Killed a pearl dragon
 10057 | D        | Noticed a deep elf blademaster
 10062 | D        | Killed a deep elf blademaster
 10126 | D        | Noticed the Royal Jelly
 10127 | D        | Noticed an acid blob
 10128 | D        | Noticed an acid blob
 10128 | D        | Noticed an acid blob
 10130 | D        | Killed an acid blob
 10131 | D        | Killed an acid blob
 10134 | D        | Noticed an acid blob
 10136 | D        | Killed an acid blob
 10140 | D        | Killed an acid blob
 10170 | D        | Killed the Royal Jelly
 10170 | D        | Noticed an acid blob
 10174 | D        | Killed an acid blob
 10506 | D        | Noticed Gloorx Vloq
 10507 | D        | Noticed an Executioner
 10508 | D        | Noticed an Executioner
 10508 | D        | Noticed an Executioner
 10514 | D        | Killed Gloorx Vloq
 11122 | D        | Noticed an Ice Fiend
 11126 | D        | Killed an Ice Fiend
 11494 | D        | Noticed a deep elf master archer
 11498 | D        | Killed a deep elf master archer
 11559 | D        | Noticed Gummih the pandemonium lord
 11569 | D        | Killed Gummih the pandemonium lord
 11570 | D        | Reached skill level 10 in Spellcasting
 11897 | D        | Noticed Qaugus the pandemonium lord
 11899 | D        | Noticed Geryon
 11904 | D        | Killed Qaugus the pandemonium lord
 11910 | D        | Killed Geryon
 12204 | D        | Noticed an Ice Fiend
 12208 | D        | Killed an Ice Fiend
 12209 | D        | Reached XP level 18. HP: 112/200 MP: 34/34
 12212 | D        | Noticed a titan
 12213 | D        | Killed a titan
 12349 | D        | Reached skill level 5 in Fire Magic
 12353 | D        | Noticed a golden dragon
 12353 | D        | Noticed a hellephant
 12361 | D        | Killed a golden dragon
 12364 | D        | Killed a hellephant
 12401 | D        | Noticed an ancient lich
 12404 | D        | Killed an ancient lich
 12410 | D        | Noticed a tentacled monstrosity
 12414 | D        | Killed a tentacled monstrosity
 12573 | D        | Noticed a royal mummy
 12581 | D        | Killed a royal mummy
 12582 | D        | Noticed an electric golem
 12585 | D        | Noticed Mennas
 12586 | D        | Noticed a deep elf blademaster
 12586 | D        | Noticed Boris
 12591 | D        | Noticed a titan
 12594 | D        | Killed Boris
 12595 | D        | Reached skill level 10 in Fire Magic
 12596 | D        | Killed Mennas
 12597 | D        | Reached skill level 10 in Summonings
 12604 | D        | Killed a deep elf blademaster
 12605 | D        | Killed an electric golem
 12608 | D        | Killed a titan
 13314 | D        | Noticed Ygruriug the pandemonium lord
 13314 | D        | Noticed Mnoleg
 13322 | D        | Noticed a tentacled monstrosity
 13328 | D        | Noticed a tentacled monstrosity
 13328 | D        | Noticed a tentacled monstrosity
 13330 | D        | Killed Mnoleg
 13334 | D        | Killed Ygruriug the pandemonium lord
 13335 | D        | Reached skill level 15 in Spellcasting
 13574 | D        | Noticed a Brimstone Fiend
 13576 | D        | Killed a Brimstone Fiend
 13688 | D        | Noticed an electric golem
 13688 | D        | Noticed a curse toe
 13690 | D        | Noticed a pearl dragon
 13692 | D        | Killed a curse toe
 13693 | D        | Noticed Neyl the pandemonium lord
 13699 | D        | Killed an electric golem
 13701 | D        | Killed a pearl dragon
 13704 | D        | Killed Neyl the pandemonium lord
 14022 | D        | Got the amulet "Fovaap" {Faith Harm Int+2 Stlth+}
 14025 | D        | Got the ring "Yhosobb" {+Blink rC+ Int+2}
 14027 | D        | Got the ring of the Invisible Hand {*Slow rElec rPois
                  | Dex+2}
 14030 | D        | Got the ring "Gytorinu" {rF- rN+ Will+++ Str+4 Int-2}
 14046 | D        | Got the amulet of Ruqio {Acrobat rF+}
 14048 | D        | Got an iron rune of Zot
 14051 | D        | Got the ring of Ofifato {Will+ Int+4}
 14053 | D        | Got the ring "Nyoxt" {rElec rC+ rCorr}
 14056 | D        | Got the +2 pair of gloves "Axagum" {Drain rElec rN+++
                  | Will-}
 14060 | D        | Got the amulet of Vueg {Acrobat +Inv rPois Int+3 Dex-4}
 14070 | D        | Got the +9 broad axe "Okiuxzeoge" {flame, Str+5 Int+3}
 14075 | D        | Got the +9 broad axe "Buoletu" {heavy, Will+ rCorr Int+3
                  | Dex+2}
 14165 | D        | Noticed an ancient lich
 14165 | D        | Noticed a bone dragon
 14165 | D        | Noticed a lich
 14165 | D        | Noticed an ancient lich
 14165 | D        | Noticed a bone dragon
 14165 | D        | Noticed a lich
 14165 | D        | Noticed a royal mummy
 14184 | D        | Killed an ancient lich
 14185 | D        | Reached skill level 15 in Fire Magic
 14186 | D        | Killed an ancient lich
 14187 | D        | Killed a lich
 14191 | D        | Killed a lich
 14192 | D        | Reached XP level 19. HP: 67/207 MP: 39/39
 14195 | D        | Killed a bone dragon
 14196 | D        | Reached skill level 15 in Summonings
 14196 | D        | HP: 4/207 [royal mummy/divine providence (11)]
 14262 | D        | Killed a royal mummy
 14889 | D        | Noticed a bone dragon
 14894 | D        | Killed a bone dragon
 15041 | D        | Paralysed by a vampire knight for 2 turns
 15122 | D        | Identified the +2 chain mail of the Hidden Vale {rElec}
 15135 | D        | Killed a bone dragon
 15166 | D        | Noticed an ancient lich
 15166 | D        | Identified the +4 short sword "Eries" {heavy, Dex+2}
 15166 | D        | Noticed a royal mummy
 15177 | D        | Paralysed by a vampire knight for 3 turns
 15188 | D        | Killed an ancient lich
 15189 | D        | HP: 10/207 [royal mummy/the +4 short sword "Eries" {heavy,
                  | Dex+2} (26)]
 15193 | D        | Noticed an ancient lich
 15193 | D        | Killed a royal mummy
 15197 | D        | Identified the amulet of Xom's Malicious Joy {RegenMP
                  | Contam rCorr Stlth+}
 15198 | D        | Killed from afar by an ancient lich

Illustrated notes

Levels and vault maps discovered:
D:        pitsprint [storerooms_1, entrance_room_1, metal_vault_2, armoury_2,
          mini_pit_1, grid_room_1, main_hall_1, silver_pit, the_coven_3,
          the_vestibule_1, steel_vault_4, golden_pit, hallway_of_sentries,
          crystal_vault_4, iron_vault_1, final_vault]

Skill      XL: |  1  2  3  4  5  6  7  8  9 10 11 12 13 14 15 16 17 18 19 |
---------------+----------------------------------------------------------+-----
Fighting       | 3 4 5 6 7 9 12 14 17 21 24 27 | 27.0
Axes           | 7 8 10 12 14 15 16 19 21 25 27 | 27.0
Armour         | 1 2 3 4 5 7 9 10 11 13 16 19 22 25 27 | 27.0
Dodging        | 2 3 4 5 7 10 13 16 19 25 | 25.2
Spellcasting   | 2 3 4 6 12 16 17 | 17.6
Conjurations   | 4 5 6 7 8 |  8.2
Necromancy     | 2 4 6 7 13 17 21 23 | 23.3
Invocations    | 4 5 7 10 15 17 21 22 | 22.5
Summonings     | 3 5 14 17 | 17.1
Fire Magic     | 3 15 18 | 18.3

Action                     |  1- 3 |  4- 6 |  7- 9 | 10-12 | 13-15 | 16-18 | 19-21 || total
---------------------------+-------+-------+-------+-------+-------+-------+-------++-------
  Melee: Hand axe          |    11 |    29 |    32 |       |       |       |       ||    72
         Punch             |       |     1 |     1 |     2 |     1 |       |       ||     5
         Broad axe         |       |       |     5 |    98 |    51 |       |       ||   154
         Battleaxe         |       |       |       |       |   167 |       |       ||   167
         Executioner's axe |       |       |       |       |     4 |   325 |    49 ||   378
   Cast: Kiss of Death     |     1 |     3 |       |       |       |       |       ||     4
 Invoke: Slouch            |       |     1 |     6 |    19 |    46 |     7 |     2 ||    81
    Use: Potion            |       |       |     1 |     2 |    22 |     6 |     5 ||    36
         Scroll            |       |       |       |       |     6 |    10 |     1 ||    17
   Stab: Confused          |       |       |       |     2 |       |     1 |       ||     3
         Petrified         |       |       |       |       |     6 |       |       ||     6
         Invisible         |       |       |       |       |     6 |       |       ||     6
 Armour: Leather armour    |     9 |     9 |       |       |       |       |       ||    18
         Scale mail        |       |    10 |    16 |       |       |       |       ||    26
         Chain mail        |       |       |     7 |   115 |   233 |       |       ||   355
         Gold dragon scale |       |       |       |       |     6 |   352 |    48 ||   406
  Dodge: Dodged            |     8 |    10 |    23 |    63 |   205 |   503 |    72 ||   884

Table legend: (Time is in decaauts) A = Elapsed time spent in this place. B = Non-inter-level travel time spent in this place. C = Inter-level travel time spent in this place. D = Time resting spent in this place. E = Time spent auto-exploring this place. F = Levels seen in this place. G = Mean time per level. A B C D E F G +--------+--------+--------+--------+--------+-----+--------+ Total | 17279 | 16913 | 366 | 11447 | 1 | 1 | 17279.0 | Dungeon | 17279 | 16913 | 366 | 11447 | 1 | 1 | 17279.0 | +--------+--------+--------+--------+--------+-----+--------+

Top non-repeatable levels by time:
       D: 17279 daAuts
